Workbook

Sheet CoverPage
A1: PROPOSAL COVER PAGE
A3: Sponsor:
A5: Project Title:
A9: Will this proposal have an integrated/extension component? | E9: Is this proposal related to an official Multistate project?
A12: Is this a revision of a previous proposal? | E12: If yes, which Multistate project number?
A16: Which USDA National Priorities does this proposal link to?
A20: Which USDA Knowledge Area(s) does this proposal link to? | E20: Insert Code(s)
B21: Project Period: | C21: 10/01/2016 to
C23: Individual Name (lastname, firstname) | E23: 9 month or 12 month appointment
B25: Principal Investigator:
B26: Department
C27: Individual Name (lastname, firstname) | F27: 9 month or 12 month appointment
B28: Co-PI(s):
C29: =(Year1!C14)
C30: =(Year1!C15)
B32: Summary Budget Request: | D32: Year 1 | E32: Year 2 | F32: Year 3 | G32: Year 4
C35: Research Assistant Salary: | D35: =SUM(Year1!G23) -> 0 | E35: =SUM(Year2!G23) -> 0 | F35: =SUM(Year3!G22) -> 0 | G35: =SUM(Year4!G23) -> 0
C37: Student Hourly/LTE Salary: | D37: =SUM(Year1!G25) -> 0 | E37: =SUM(Year2!G25) -> 0 | F37: =SUM(Year3!G24) -> 0 | G37: =SUM(Year4!G25) -> 0
C39: Total RA and Student HourlyWages: | D39: =D35+D37 -> 0 | E39: =E35+E37 -> 0 | F39: =F35+F37 -> 0 | G39: =G35+G37 -> 0
B41: Fringe Benefits: | D41: =SUM(Year1!I28) -> 0 | E41: =SUM(Year2!I28) -> 0 | F41: =SUM(Year3!I27) -> 0 | G41: =SUM(Year4!I28) -> 0
B43: Supplies: | D43: =SUM(Year1!D40) -> 0 | E43: =SUM(Year2!D40) -> 0 | F43: =SUM(Year3!D39) -> 0 | G43: =SUM(Year4!D40) -> 0
B45: Travel: | D45: =SUM(Year1!I34) -> 0 | E45: =SUM(Year2!I34) -> 0 | F45: =SUM(Year3!I33) -> 0 | G45: =SUM(Year4!I34) -> 0
B47: Total Request: | D47: =SUM(Year1!H43) -> 0 | E47: =SUM(Year2!H43) -> 0 | F47: =SUM(Year3!H42) -> 0 | G47: =SUM(Year4!H43) -> 0
A50: Summary of Proposed Work: | E50: Total Award Budget: | H50: =D47+E47+F47+G47 -> 0

Sheet Reviewer Names
A1: Reviewer Names
A2: Please provide names and contact information (department and email address) for at least three independent reviewers you believe are especially well qualified to review this proposal. They should have no conflicts of interest with the proposal PIs. A conflict of interest constitutes anyone with whom the applicant has collaborated or published research in the previous three year period. You may also provide names of reviewers whom you would prefer not to review this proposal and indicate why.
A4: Reviewer Name/Department | B4: Email Address

Sheet Year1
A1: WORKSHEET FOR PROJECT BUDGET | F1: Detailed Budget for Year: 1
A4: Project Title: | C4: =CoverPage!C5 -> 0
A7: Project Period: | C7: 10/01/2016 -- 09/30/2017
C9: Individual Name (lastname, firstname) | F9: % Effort on Project (Will be Payrolled Effort)
B11: Principal Investigator: | C11: =CoverPage!C25 -> 0
B13: Co-PI(s):
G14: =IF(AND(TRIM(C14)>"",OR(E14<0.05,E14>0.25))," Must be between 5% and 25%","")
G15: =IF(AND(TRIM(C15)>"",OR(E15<0.05,E15>0.25))," Must be between 5% and 25%","")
A18: Salaries/Wages & Fringe Benefits: | F18: =IF(AND(F23 > 0.5, F23 <> " "),"Effort can't exceed 50%.","")
D19: Salary/ | F19: =IF(AND(F23 > 0.5, F23 <> " "),"50% will be used in calculations.","")
C20: Individual Name | D20: Wage | G20: Salaries/ | H20: Fringe
B21: Budget Category | C21: (lastname, firstname) | D21: Base | E21: Months | F21: Effort | G21: Wages | H21: Rate (%) | I21: Fringes
B23: Research Assistant: | D23: 43297 | F23: 0.5 | G23: =SUM((D23/12)*E23)*F23 -> 0 | H23: 0.239 | I23: =SUM(G23*H23) -> 0
D24: (annual base) | E24: (# months) | F24: (appt %)
B25: Student Hourly/LTE: | G25: =SUM((D25*E25)*F25) -> 0 | H25: 0.024 | I25: =SUM(G25*H25) -> 0
D26: (hourly rate) | E26: (hrs/week) | F26: (# weeks)
E28: Subtotal | G28: =SUM(G23:G27) -> 0 | I28: =SUM(I23:I27) -> 0
A30: Supplies & Travel:
B32: Supplies (provide detail below*): | F32: Travel:
B34: Experimental Animals: | H34: Subtotal: | I34: =SUM(I32) -> 0
B36: Page Charges (direct result of Hatch project only):
B38: Survey Costs (i.e., printing, postage)
C40: Subtotal: | D40: =SUM(D32:D39) -> 0
D43: Year 1 Total Budget Request: | H43: =SUM(G28+I28+D40+I34) -> 0
A47: *Details regarding Supplies and Travel [include one-time computer/printer requests/justification]:

Sheet Year2
A1: WORKSHEET FOR PROJECT BUDGET | F1: Detailed Budget for Year: 2
A4: Project Title: | C4: =Year1!C4 -> 0
A7: Project Period: | C7: 10/01/2017 -- 09/30/2018
C9: Individual Name (lastname, firstname) | F9: % Effort on Project (Will be Payrolled Effort)
B11: Principal Investigator: | C11: =CoverPage!C25 -> 0
B13: Co-PI(s):
G14: =IF(AND(TRIM(C14)>"",OR(E14<0.05,E14>0.25))," Must be between 5% and 25%","")
G15: =IF(AND(TRIM(C15)>"",OR(E15<0.05,E15>0.25))," Must be between 5% and 25%","")
A18: Salaries/Wages & Fringe Benefits: | F18: =IF(AND(F23 > 0.5, F23 <> " "),"Effort can't exceed 50%.","")
D19: Salary/ | F19: =IF(AND(F23 > 0.5, F23 <> " "),"50% will be used in calculations.","")
C20: Individual Name | D20: Wage | G20: Salaries/ | H20: Fringe
B21: Budget Category | C21: (lastname, firstname) | D21: Base | E21: Months | F21: Effort | G21: Wages | H21: Rate (%) | I21: Fringes
B23: Research Assistant: | D23: 43297 | F23: 0.5 | G23: =SUM((D23/12)*E23)*F23 -> 0 | H23: 0.239 | I23: =SUM(G23*H23) -> 0
D24: (annual base) | E24: (# months) | F24: (appt %)
B25: Student Hourly/LTE: | G25: =SUM((D25*E25)*F25) -> 0 | H25: 0.024 | I25: =SUM(G25*H25) -> 0
D26: (hourly rate) | E26: (hrs/week) | F26: (# weeks)
E28: Subtotal | G28: =SUM(G23:G27) -> 0 | I28: =SUM(I23:I27) -> 0
A30: Supplies & Travel:
B32: Supplies (provide detail below*): | F32: Travel:
B34: Experimental Animals: | H34: Subtotal: | I34: =SUM(I32) -> 0
B36: Page Charges (direct result of Hatch project only):
B38: Survey Costs (i.e., printing, postage)
C40: Subtotal: | D40: =SUM(D32:D39) -> 0
D43: Year 2 Total Budget Request: | H43: =SUM(G28+I28+D40+I34) -> 0
A47: *Details regarding supplies and travel [include one-time computer/printer requests/justification]:

Sheet Year3
A1: WORKSHEET FOR PROJECT BUDGET | F1: Detailed Budget for Year: 3
A3: Project Title: | C3: =Year1!C4 -> 0
A6: Project Period: | C6: 10/01/2018 -- 09/30/2019
C8: Individual Name (lastname, firstname) | F8: % Effort on Project (Will be Payrolled Effort)
B10: Principal Investigator: | C10: =CoverPage!C25 -> 0
B12: Co-PI(s):
G13: =IF(AND(TRIM(C13)>"",OR(E13<0.05,E13>0.25))," Must be between 5% and 25%","")
G14: =IF(AND(TRIM(C14)>"",OR(E14<0.05,E14>0.25))," Must be between 5% and 25%","")
A17: Salaries/Wages & Fringe Benefits: | F17: =IF(AND(F22 > 0.5, F22 <> " "),"Effort can't exceed 50%.","")
D18: Salary/ | F18: =IF(AND(F22 > 0.5, F22 <> " "),"50% will be used in calculations.","")
C19: Individual Name | D19: Wage | G19: Salaries/ | H19: Fringe
B20: Budget Category | C20: (lastname, firstname) | D20: Base | E20: Months | F20: Effort | G20: Wages | H20: Rate (%) | I20: Fringes
B22: Research Assistant: | D22: 43297 | F22: 0.5 | G22: =SUM((D22/12)*E22)*F22 -> 0 | H22: 0.239 | I22: =SUM(G22*H22) -> 0
D23: (annual base) | E23: (# months) | F23: (appt %)
B24: Student Hourly/LTE: | G24: =SUM((D24*E24)*F24) -> 0 | H24: 0.024 | I24: =SUM(G24*H24) -> 0
D25: (hourly rate) | E25: (hrs/week) | F25: (# weeks)
E27: Subtotal | G27: =SUM(G22:G26) -> 0 | I27: =SUM(I22:I26) -> 0
A29: Supplies & Travel:
B31: Supplies (provide detail below*): | F31: Travel:
B33: Experimental Animals: | H33: Subtotal: | I33: =SUM(I31) -> 0
B35: Page Charges (direct result of Hatch project only):
B37: Survey Costs (i.e., printing, postage)
C39: Subtotal: | D39: =SUM(D31:D38) -> 0
D42: Year 3 Total Budget Request: | H42: =SUM(G27+I27+D39+I33) -> 0
A46: *Details regarding supplies and travel [include one-time computer/printer requests/justification]:

Sheet Year4
A1: WORKSHEET FOR PROJECT BUDGET | F1: Detailed Budget for Year: 4
A4: Project Title: | C4: =Year1!C4 -> 0
A7: Project Period: | C7: 10/01/2019-- 09/30/2020
C9: Individual Name (lastname, firstname) | F9: % Effort on Project (Will be Payrolled Effort)
B11: Principal Investigator: | C11: =CoverPage!C25 -> 0
B13: Co-PI(s):
G14: =IF(AND(TRIM(C14)>"",OR(E14<0.05,E14>0.25))," Must be between 5% and 25%","")
G15: =IF(AND(TRIM(C15)>"",OR(E15<0.05,E15>0.25))," Must be between 5% and 25%","")
A18: Salaries/Wages & Fringe Benefits: | F18: =IF(AND(F23 > 0.5, F23 <> " "),"Effort can't exceed 50%.","")
D19: Salary/ | F19: =IF(AND(F23 > 0.5, F23 <> " "),"50% will be used in calculations.","")
C20: Individual Name | D20: Wage | G20: Salaries/ | H20: Fringe
B21: Budget Category | C21: (lastname, firstname) | D21: Base | E21: Months | F21: Effort | G21: Wages | H21: Rate (%) | I21: Fringes
B23: Research Assistant: | D23: 43297 | F23: 0.5 | G23: =SUM((D23/12)*E23)*F23 -> 0 | H23: 0.239 | I23: =SUM(G23*H23) -> 0
D24: (annual base) | E24: (# months) | F24: (appt %)
B25: Student Hourly/LTE: | G25: =SUM((D25*E25)*F25) -> 0 | H25: 0.024 | I25: =SUM(G25*H25) -> 0
D26: (hourly rate) | E26: (hrs/week) | F26: (# weeks)
E28: Subtotal | G28: =SUM(G23:G27) -> 0 | I28: =SUM(I23:I27) -> 0
A30: Supplies & Travel:
B32: Supplies (provide detail below*): | F32: Travel:
B34: Experimental Animals: | H34: Subtotal: | I34: =SUM(I32) -> 0
B36: Page Charges (direct result of Hatch project only):
B38: Survey Costs (i.e., printing, postage)
C40: Subtotal: | D40: =SUM(D32:D39) -> 0
D43: Year 4 Total Budget Request: | H43: =SUM(G28+I28+D40+I34) -> 0
A47: *Details regarding supplies and travel:

Sheet Project Timeline
B1: 2016 | F1: 2017 | J1: 2018 | N1: 2019 | R1: 2020
A2: Major Activities | B2: Qtr 1 | C2: Qtr 2 | D2: Qtr 3 | E2: Qtr 4 | F2: Qtr 1 | G2: Qtr 2 | H2: Qtr 3 | I2: Qtr 4 | J2: Qtr 1 | K2: Qtr 2 | L2: Qtr 3 | M2: Qtr 4 | N2: Qtr 1 | O2: Qtr 2 | P2: Qtr 3 | Q2: Qtr 4 | R2: Qtr 1 | S2: Qtr 2 | T2: Qtr 3 | U2: Qtr 4
E3: X
